 Dungeon Crawl Stone Soup version 0.21.1-1-g345015f (webtiles) character file.

72 Fang the Skirmisher (level 4, -3/29 HPs)
             Began as a Gargoyle Berserker on June 4, 2018.
             Was a Believer of Trog.
             Slain by a hound (4 damage)
             ... on level 4 of the Dungeon.
             The game lasted 00:01:59 (1840 turns).

Fang the Skirmisher (Gargoyle Berserker)            Turns: 1840, Time: 00:02:00

Health: -3/29      AC:  5    Str: 22    XL:     4   Next: 26%
Magic:  4/4        EV: 12    Int:  7    God:    Trog [**....]
Gold:   95         SH:  0    Dex:  9    Spells: 3/3 levels left

rFire    . . .     SeeInvis .   a - +0 hand axe
rCold    . . .     Gourm    .   (no shield)
rNeg     + . .     Faith    .   b - +0 animal skin
rPois    ∞         Spirit   .   (no helmet)
rElec    +         Reflect  .   (no cloak)
rCorr    .         Harm     .   (no gloves)
MR       .....                  (no boots)
Stlth    +.........             (no amulet)
HPRegen  0.09/turn              (no ring)
MPRegen  0.09/turn              (no ring)

@: berserk cooldown, slowed, very slow
A: negative energy resistance 1, electricity resistance, unbreathing,
petrification resistance, rot immunity, AC +3
a: Berserk, Trog's Hand, Burn Spellbooks, Renounce Religion


You were on level 4 of the Dungeon.
You worshipped Trog.
Trog was pleased with you.
You were full.

You visited 1 branch of the dungeon, and saw 3 of its levels.

You collected 95 gold pieces.

Inventory:

Hand Weapons
 a - a +0 hand axe (weapon)
Armour
 b - a +0 animal skin (worn)
Scrolls
 g - 3 scrolls of remove curse {unknown}
 h - a scroll of amnesia {unknown}
 k - 2 scrolls of identify {unknown}
 m - a scroll of enchant weapon {unknown}
Potions
 d - a potion of brilliance {unknown}
 e - 2 potions of heal wounds {unknown}
 f - a potion of magic {unknown}
 i - a potion of cancellation {unknown}
 j - a potion of lignification {unknown}
 l - a potion of flight {unknown}
Comestibles
 c - 3 rations


   Skills:
 + Level 4.1 Fighting
 + Level 3.4 Axes
 + Level 2.3 Armour
 + Level 2.1 Dodging
 + Level 0.9 Stealth


You had 3 spell levels left.
You didn't know any spells.

Dungeon Overview and Level Annotations

Branches:
Dungeon (2/15)

Altars:

Annotations:
D:2 1 runed door


Innate Abilities, Weirdness & Mutations

You are resistant to torment.
Your stone body is resilient. (AC +3)
You are immune to poison.
You resist negative energy. (rN+)
You are resistant to electric shocks. (rElec)
You can survive without breathing.
You are immune to petrification.
You are immune to rotting.


Message History

The hound bites you but does no damage.
You hit the hound.
The hound is heavily wounded.
The hound closely misses you. The hound barely misses you.
You closely miss the hound.
The hound is heavily wounded.
The hound bites you.
* * * LOW HITPOINT WARNING * * *
The hound bites you but does no damage. x2
You completely miss the hound.
The hound is heavily wounded.
The hound barely misses you. The hound closely misses you.
You closely miss the hound.
The hound is heavily wounded.
The hound closely misses you. The hound barely misses you. The hound bites you.
* * * LOW HITPOINT WARNING * * *
Unknown command.
You eat one of the 4 rations.
That ration really hit the spot!
The hound bites you.
You die...

###.#
# .#
.. .
#. #.
##..
## ...
##..
#...#
#..###
#h@.#
###†#
#.#
#.#
#..#
##(..
##..#
#...
##..


You could see a hound.

Vanquished Creatures
  2 adders (D:2)
  A worm (D:4)
  3 dart slugs
  2 leopard geckos
  3 giant cockroaches
  2 goblins
  10 hobgoblins
  A ball python (D:1)
  8 bats (D:1)
  A frilled lizard (D:4)
  3 kobolds (D:1)
  6 rats
42 creatures vanquished.

Notes
Turn   | Place    | Note
-------+----------+-------------------------------------------
     0 | D:1      | Fang the Gargoyle Berserker began the quest for the Orb.
     0 | D:1      | Reached XP level 1. HP: 14/14 MP: 1/1
    52 | D:1      | Reached XP level 2. HP: 13/19 MP: 2/2
   308 | D:1      | Reached ** piety under Trog
   461 | D:1      | Reached XP level 3. HP: 23/24 MP: 3/3
   535 | D:1      | Reached skill level 4 in Fighting
  1018 | D:2      | Found a runed door.
  1319 | D:2      | Reached XP level 4. HP: 26/29 MP: 4/4
  1752 | D:2      | You fall through a shaft for 2 floors!
  1839 | D:4      | HP: 1/29 [hound (5)]
  1840 | D:4      | Slain by a hound

Skill      XL: |  1  2  3 |
---------------+----------+-----
Axes           | 3 |  3.4
Fighting       | 4 |  4.1
Dodging        | 2 |  2.1
Armour         | |  2.3
Stealth        | |  0.9

Action                   |  1- 3 |  4- 6 || total
-------------------------+-------+-------++-------
Melee: Hand axe          |   129 |    34 ||   163
Invok: Berserk           |     2 |     1 ||     3
  Eat: Chunk             |     3 |     1 ||     4
       Ration            |       |     2 ||     2
Armor: Animal skin       |    69 |     9 ||    78
Dodge: Dodged            |   107 |    22 ||   129
